 Dungeon Crawl Stone Soup version 0.30-a0-900-g23479c02f2 (webtiles) character file.

Game seed: 17442070672089048458

84 cforsyth the Firebug (level 4, 0/58 HPs)
             Began as an Ogre Fire Elementalist on Mar 19, 2023.
             Slain by an orc wizard
             ... wielding a +0 dagger
              (1 damage)
             ... on level 3 of the Dungeon.
             The game lasted 00:05:41 (2756 turns).

cforsyth the Firebug (Ogre Fire Elementalist)       Turns: 2756, Time: 00:05:41

Health: 0/58       AC:  7    Str: 11    XL:     4   Next: 46%
Magic:  1/9        EV: 10    Int: 19    God:
Gold:   115        SH:  0    Dex: 13    Spells: 8/9 levels left

rFire   . . .      SeeInvis +    (no weapon)
rCold   . . .      Faith    .    (no shield)
rNeg    . . .      Spirit   .    a - +0 robe
rPois   .          Reflect  .    n - +3 crown of Dyrovepreva {rElec Int+2 SInv}
rElec   +          Rampage  .    e - +0 cloak
rCorr   .                        (gloves unavailable)
Will    .....                    (boots unavailable) Stlth
                                 (no amulet)
HPRegen 0.29/turn                (no ring)
MPRegen 0.11/turn                (no ring)

@: berserking, very quick
A: large, unfitting armour, tough skin 1, agile 1, evolution 1
a: no special abilities


You were on level 3 of the Dungeon.
You visited 1 branch of the dungeon, and saw 3 of its levels.

You collected 115 gold pieces.

Inventory:

Armour
 a - a +0 robe (worn)
 e - a +0 cloak (worn)
 n - the +3 crown of Dyrovepreva (worn) {rElec Int+2 SInv}
   (You found it on level 2 of the Dungeon)

   Int:       It affects your intelligence (+2).
   rElec:     It insulates you from electricity.
   SInv:      It lets you see invisible.
Scrolls
 g - a scroll of enchant weapon {unknown}
 i - a scroll of acquirement {unknown}
 l - a scroll of blinking {unknown}
 p - a scroll of identify {unknown}
Potions
 b - a potion of magic
 h - a potion of curing {unknown}
 j - a potion of degeneration {unknown}
 k - a potion of haste {unknown}
 m - a potion of attraction {unknown}
 o - 3 potions of flight {unknown}


   Skills:
 - Level 2.1 Dodging
 - Level 1.7 Stealth
 + Level 3.3 Spellcasting
 + Level 2.0 Conjurations
 + Level 3.3 Fire Magic


You had 8 spell levels left.
You knew the following spells:

 Your Spells              Type           Power      Damage    Failure   Level
a - Foxfire               Conj/Fire      52%        2x1d6     4%          1

Your spell library contained the following spells:

 Spells                   Type           Power      Damage    Failure   Level
 Scorch                   Fire           30%        2d6       5%          2
 Cigotuvi's Dreadful Rot  Necr/Pois/Air  6%         N/A       22%         2
 Poisonous Vapours        Pois/Air       6%         N/A       22%         2
 Inner Flame              Hex/Fire       9%         N/A       22%         3
 Kindle Blastsparks       Fire/Tloc/Air  14%        2d11      28%         3
 Mephitic Cloud           Conj/Pois/Air  5%         N/A       32%         3
 Flame Wave               Conj/Fire      13%        2d6       43%         4


Dungeon Overview and Level Annotations

Branches:
Dungeon (3/15)

Altars:


Innate Abilities, Weirdness & Mutations

You are too large for most types of armour.
You have tough skin. (AC +1)
You are agile. (Dex +4, Str/Int -1)
You have hidden genetic potential.


Message History

You barely resist.
You are out of magic!
You are out of magic!
The foxfire hits the orc.
The orc is severely wounded.
The foxfire hits the orc.
You kill the orc!
The foxfire hits the orc wizard.
The orc wizard is heavily wounded.
The orc wizard points at you and mumbles some strange words.
The magic dart hits you!
The orc priest miscasts a cantrip.
The orc priest calls down the wrath of Beogh upon you.
Beogh smites you!
Your magical contamination has completely faded away.
You hit the orc wizard.
The orc wizard is heavily wounded.
The orc wizard hits you with a +0 dagger.
It was a potion of mutation.
You feel extremely strange.
You feel a hidden potential growing inside you.
You feel agile. The orc wizard barely misses you.
It was a potion of cancellation.
You feel magically purged.
The orc wizard hits you with a +0 dagger.
The orc priest mumbles some strange prayers to Beogh against you.
Beogh smites you!
* * * LOW HITPOINT WARNING * * *
It was a potion of berserk rage.
A red film seems to cover your vision as you go berserk!
You feel yourself moving faster!
You feel mighty!
The orc wizard hits you with a +0 dagger.
* * * LOW HITPOINT WARNING * * *
You hit the orc wizard.
The orc wizard is almost dead.
You closely miss the orc wizard.
The orc wizard is almost dead.
The orc priest calls down the wrath of Beogh upon you.
The orc wizard struggles to resist.
The orc wizard hits you with a +0 dagger.
You die...

#<....... #........+
#........# #.>......#
######### #........#
#.......# #).......#
#.#####.# #........#
#.# #.######o.......#
#.# #.....@o........#
#.#############.......#
#......#<.....#########
######.######.# #.# #.#
#.# #.# #.######.#
#......#.# ######.#.#


You could see an orc priest and an orc wizard (invisible).

Vanquished Creatures
  2 adders (D:2)
  A gnoll (D:1)
  2 dart slugs
  An orc (D:3)
  2 ball pythons
  4 bats
  4 endoplasms
  2 giant cockroaches (D:2)
  7 goblins
  8 hobgoblins
  2 quokkas (D:1)
  2 frilled lizards
  3 kobolds
  5 rats
45 creatures vanquished.

Vanquished Creatures (collateral kills)
  2 foxfires (D:1)
2 creatures vanquished.

Vanquished Creatures (others)
  175 foxfires
  4 plants (D:1)
179 creatures vanquished.

Grand Total: 226 creatures vanquished

Notes
Turn   | Place    | Note
-------+----------+-------------------------------------------
     0 | D:1      | cforsyth the Ogre Fire Elementalist began the quest for the
                  | Orb.
     0 | D:1      | Reached XP level 1. HP: 16/16 MP: 3/3
   100 | D:1      | Reached skill level 1 in Conjurations
   250 | D:1      | Reached XP level 2. HP: 24/24 MP: 2/5
  1049 | D:1      | Reached XP level 3. HP: 31/31 MP: 4/7
  2111 | D:2      | Found the +3 crown of Dyrovepreva {rElec Int+2 SInv}
  2183 | D:2      | Reached XP level 4. HP: 39/39 MP: 0/8
  2752 | D:3      | Gained mutation: You have hidden genetic potential. [potion
                  | of mutation]
  2752 | D:3      | Gained mutation: You are agile. (Dex +4, Str/Int -1)
                  | [potion of mutation]
  2753 | D:3      | HP: 1/39 [orc priest/divine providence (11)]
  2756 | D:3      | Slain by an orc wizard

Illustrated notes

Levels and vault maps discovered:
D:1:      moated_graveyard_arrival, layout_basic, serial_bayou_lagoon_a
D:2:      layout_basic, minmay_misc_feat_room, minmay_small_reverse_x
D:3:      layout_basic, hellmonk_ecumenical_altar_lost_god,
          gammafunk_ghost_necromancy, serial_shops, shop

Skill      XL: |  1  2  3  4 |
---------------+-------------+-----
Conjurations   | 1 2 |  2.0
Dodging        | 2 |  2.1
Fire Magic     | 3 |  3.3
Spellcasting   | 3 |  3.3
Stealth        | |  1.7

Action                     |  1- 3 |  4- 6 || total
---------------------------+-------+-------++-------
  Melee: Unarmed           |    10 |     5 ||    15
   Cast: Foxfire           |    81 |    26 ||   107
    Use: Potion            |       |     3 ||     3
 Armour: Robe              |     7 |     4 ||    11
  Dodge: Dodged            |    12 |     4 ||    16

Table legend: (Time is in decaauts)
 A = Elapsed time spent in this place.
 B = Non-inter-level travel time spent in this place.
 C = Inter-level travel time spent in this place.
 D = Time resting spent in this place.
 E = Time spent auto-exploring this place.
 F = Levels seen in this place.
 G = Mean time per level.
                   A        B        C        D        E       F      G
               +--------+--------+--------+--------+--------+-----+--------+
         Total |   2755 |   2702 |     53 |      0 |   2356 |   3 |  918.3 |
       Dungeon |   2755 |   2702 |     53 |      0 |   2356 |   3 |  918.3 |
               +--------+--------+--------+--------+--------+-----+--------+

Top non-repeatable levels by time:
     D:1: 1583 daAuts
     D:2: 1101 daAuts
     D:3: 70 daAuts
